 Dungeon Crawl Stone Soup version 0.13-a0-3016-gcb2faac (webtiles) character file.

283 Econoterrorist the Insei (level 5, -1/39 HPs)
             Began as a Demonspawn Monk on Sept 11, 2013.
             Slain by an ogre
             ... wielding a +0,+0 giant club
              (19 damage)
             ... on Level 4 of the Dungeon.
             The game lasted 00:13:44 (3119 turns).

Econoterrorist the Insei (Demonspawn Monk)          Turns: 3119, Time: 00:13:44

HP  -1/39        AC  5     Str 11      XL: 5   Next: 32%
MP   4/4         EV 13     Int 12      God:
Gold 105         SH  0     Dex 16      Spells:  0 memorised,  4 levels left

Res.Fire  : . . .   See Invis. : .     - Unarmed
Res.Cold  : . . .   Warding    : .   a - +0 robe
Life Prot.: . . .   Conserve   : .   (no shield)
Res.Poison: .       Res.Corr.  : .   c - +0 helmet
Res.Elec. : .       Clarity    : .   d - +0 cloak
Sust.Abil.: . .     Spirit.Shd : .   (no gloves)
Res.Mut.  : .       Stasis     : .   (no boots)
Res.Rott. : .       Flight     : .   (no amulet)
Saprovore : . . .                    (no ring)
                                     (no ring)

@: slightly resistant to hostile enchantments, stealthy
A: talons 1, nightstalker 1, AC +1
a: no special abilities


You were on level 4 of the Dungeon.
You were hungry.

You visited 1 branch of the dungeon, and saw 4 of its levels.

You collected 105 gold pieces.

Inventory:

Armour
 a - a +0 robe (worn)
 c - a +0 helmet (worn)
 d - a +0 cloak (worn)
Comestibles
 b - 4 bread rations
 m - a meat ration
 n - a chunk of goblin flesh
Scrolls
 e - 2 scrolls of identify {unknown}
 f - 4 scrolls of remove curse {unknown}
 g - a scroll of enchant weapon II {unknown}
 i - a scroll of recharging {unknown}
 j - a scroll of teleportation {unknown}
 l - 3 scrolls of amnesia {unknown}
 o - a scroll of random uselessness {unknown}
Jewellery
 p - an uncursed amulet of clarity {unknown}
Potions
 h - a potion of might {unknown}
 k - 2 potions of curing


   Skills:
 + Level 3.0 Fighting
 + Level 2.7 Dodging
 - Level 1.7 Stealth
 + Level 6.0 Unarmed Combat


You had 4 spell levels left.
You didn't know any spells.

Dungeon Overview and Level Annotations

Branches:
Dungeon (4/27)
 Temple: D:4-7

Altars:


Innate Abilities, Weirdness & Mutations

You have sharp toenails.
You are partially covered in molten scales (AC +1).
You are slightly more attuned to the shadows.


Message History

The ogre shouts!
Found a murky orange potion.
Drink which item? (? for menu, Esc to quit)
Okay, then.
You punch the ogre! You claw the ogre.
The ogre is moderately wounded.
The ogre hits you with a giant club!
Ouch! That really hurt!
You hit the ogre.
The ogre is heavily wounded.
The ogre hits you with a giant club!
* * * LOW HITPOINT WARNING * * *
There is a stone staircase leading down here.
Drink which item? (? for menu, Esc to quit)
You feel better.
It was a potion of curing.
You see here a dart.
You see here a dart.
You can't go up here!
The ogre hits you with a giant club!
You die...

### #<# #.# #.# #.#
#.# ##########.#
###.......<.)########
#>..@O.....((........
#.#.####...##########
#.#.# #.....# #.#.#
##....# #.#.# #....#
#.#.# #....#
####.#.## #....#
#.......####....#
#..........#....#


You could see an ogre.

Vanquished Creatures
  An orc wizard (D:3)
  3 adders
  5 worms
  4 giant geckos
  5 orcs
  11 bats
  4 hobgoblins
  7 jackals (D:3)
  13 kobolds
  A quokka (D:3)
  3 ball pythons (D:1)
  3 giant cockroaches
  4 giant newts
  12 goblins
  14 rats
90 creatures vanquished.

Notes
Turn   | Place    | Note
--------------------------------------------------------------
     0 | D:1      | Econoterrorist, the Demonspawn Monk, began the quest for the Orb.
     0 | D:1      | Reached XP level 1. HP: 16/16 MP: 0/0
   266 | D:1      | Reached skill level 4 in Unarmed Combat
   273 | D:1      | Gained mutation: You have sharp toenails. [demonic ancestry]
   273 | D:1      | Reached XP level 2. HP: 20/22 MP: 1/1
  1001 | D:2      | Reached XP level 3. HP: 28/28 MP: 2/2
  1540 | D:3      | Reached skill level 5 in Unarmed Combat
  1611 | D:3      | Gained mutation: You are partially covered in molten scales (AC +1). [demonic ancestry]
  1611 | D:3      | Reached XP level 4. HP: 31/34 MP: 3/3
  2402 | D:3      | Gained mutation: You are slightly more attuned to the shadows. [demonic ancestry]
  2402 | D:3      | Reached XP level 5. HP: 32/39 MP: 4/4
  2403 | D:3      | Reached skill level 6 in Unarmed Combat
  3066 | D:4      | Noticed an ogre
  3119 | D:4      | Slain by an ogre

Action                   |  1- 3 |  4- 6 || total
-------------------------+-------+-------++-------
Melee: Unarmed           |   132 |   139 ||   271
  Use: Potion            |       |     1 ||     1
 Stab: Sleeping          |     4 |     3 ||     7
